 Dungeon Crawl Stone Soup version 0.23.0-42-geed6394 (webtiles) character file.

Game seed: 12646557539800919295

186 nuthulu the Cudgeler (level 5, -20/53 HPs)
             Began as a Troll Berserker on Feb 28, 2019.
             Was a Believer of Trog.
             Demolished by a bone dragon (25 damage)
             ... on level 2 of the Abyss.
             The game lasted 00:06:14 (2897 turns).

nuthulu the Cudgeler (Troll Berserker)              Turns: 2897, Time: 00:06:14

Health: -20/53     AC:  6    Str: 26    XL:     5   Next: 38%
Magic:  4/4        EV:  7    Int:  3    God:    Trog [**....]
Gold:   178        SH:  0    Dex:  9    Spells: 4/4 levels left

rFire    . . .     SeeInvis .   a - +3 mace
rCold    . . .     Gourm    +   (no shield)
rNeg     . . .     Faith    .   b - +0 animal skin
rPois    .         Spirit   .   (helmet restricted)
rElec    .         Reflect  .   (no cloak)
rCorr    .         Harm     .   (gloves unavailable)
MR       ++...     Rnd*Tele +   (boots unavailable)
Stlth    +.........             (no amulet)
HPRegen  1.57/turn              d - ring of teleportation (curse)
MPRegen  0.09/turn              (no ring)

@: about to teleport, regenerating, constricted
A: large, unfitting armour, claws 3, fast metabolism 3, gourmand, regeneration
1, shaggy fur 1, tough skin 3
a: Berserk, Trog's Hand, Renounce Religion


You were on level 2 of the Abyss.
You worshipped Trog.
Trog was pleased with you.
You were not hungry.

You visited 1 branch of the dungeon, and saw 4 of its levels.
You visited the Abyss 1 time.

You collected 178 gold pieces.

Inventory:

Hand Weapons
 a - a +3 mace (weapon)
Armour
 b - a +0 animal skin (worn)
Jewellery
 d - a cursed ring of teleportation (left claw)
Wands
 k - a wand of acid (11)
 p - a wand of flame (20)
Scrolls
 n - a scroll of remove curse {unknown}
Potions
 e - a potion of haste
 f - a potion of cancellation
 g - a potion of might
 h - a potion of agility
 i - 6 potions of curing
 j - a potion of berserk rage {unknown}
 m - 2 potions of ambrosia {unknown}
 o - a potion of brilliance {unknown}
Comestibles
 c - 11 rations


   Skills:
 + Level 3.2 Fighting
 + Level 3.5 Maces & Flails
 + Level 1.9 Armour
 + Level 3.3 Dodging


You had 4 spell levels left.
You didn't know any spells.
Your spell library was empty.

Dungeon Overview and Level Annotations

Branches:
Dungeon (4/15)             Temple (0/1) D:4

Altars:
Fedhas

Annotations:
D:3 1 runed translucent door, grocchini's ghost, amateur VSFi


Innate Abilities, Weirdness & Mutations

You are too large for most types of armour.
You have claws for hands.
Your metabolism is lightning-fast.
You like to eat raw meat.
Your natural rate of healing is unusually fast.
You are covered in fur. (AC +1)
You have extremely tough skin. (AC +3)


Message History

As you read the scroll of teleportation, it crumbles to dust.
You feel strangely unstable.
You feel the power of the Abyss delaying your translocation!
The bone dragon bites you but does no damage.
The bone dragon completely misses you. The bone dragon tramples you.
* * * LOW HITPOINT WARNING * * *
You hold your ground!
The tentacled starspawn bites you!
* * * LOW HITPOINT WARNING * * *
The tentacled starspawn closely misses you.
The starspawn tentacle constricts you.
Unknown command.
Okay, then.
Unknown command.
Unknown command.
Unknown command.
Unknown command.
Your skin crawls.
You feel resistant to hostile enchantments.
You feel somewhat more hungry. The bone dragon bites you!!
You die... ## .. # .# #.##. ## #....#. #wXw#

##@## #D#.#.#
#....# #.####
#..#.## # #.#.D#
##.#.#.
...#........ .#
#.##.###...##..(#
. .. #.#### ##


You could see a bone dragon, a tentacled starspawn and 2 starspawn tentacles.

Vanquished Creatures
  A crimson imp (D:3)
  A worker ant (D:3)
  2 gnolls (D:4)
  A howler monkey skeleton (D:3)
  6 adders
  A leopard gecko (D:3)
  2 orcs (D:3)
  5 bats
  3 giant cockroaches
  4 goblins
  4 hobgoblins
  2 frilled lizards
  5 kobolds
  11 rats
48 creatures vanquished.

Notes
Turn   | Place    | Note
-------+----------+-------------------------------------------
     0 | D:1      | nuthulu the Troll Berserker began the quest for the Orb.
     0 | D:1      | Reached XP level 1. HP: 22/22 MP: 0/0
   155 | D:1      | Reached XP level 2. HP: 29/29 MP: 1/1
   659 | D:2      | Reached skill level 1 in Armour
   659 | D:2      | Reached XP level 3. HP: 20/36 MP: 2/2
  1110 | D:2      | Reached ** piety under Trog
  1147 | D:2      | Found a blossoming altar of Fedhas.
  1373 | D:3      | Reached XP level 4. HP: 42/44 MP: 3/3
  1820 | D:3      | Found a runed translucent door.
  1825 | D:3      | Noticed a bullfrog
  1826 | D:3      | Noticed grocchini's ghost (amateur VSFi)
  2223 | D:3      | Reached XP level 5. HP: 8/53 MP: 4/4
  2441 | D:4      | Found a staircase to the Ecumenical Temple.
  2670 | D:4      | Noticed an ogre
  2741 | D:4      | Cast into level 1 of the Abyss (gnoll)
  2784 | Abyss:1  | Noticed a neqoxec
  2792 | Abyss:1  | Noticed a ynoxinul
  2846 | Abyss:2  | Noticed a bone dragon
  2863 | Abyss:2  | Noticed a spatial vortex
  2863 | Abyss:2  | Noticed a spatial vortex
  2865 | Abyss:2  | Noticed a spatial vortex
  2879 | Abyss:2  | Noticed a spatial vortex
  2879 | Abyss:2  | Noticed a spatial vortex
  2880 | Abyss:2  | Noticed a spatial maelstrom
  2894 | Abyss:2  | Noticed a tentacled starspawn
  2897 | Abyss:2  | Demolished by a bone dragon

Skill      XL: |  1  2  3  4 |
---------------+-------------+-----
Maces & Flails | 3 |  3.5
Armour         | 1 |  1.9
Dodging        | 3 |  3.3
Fighting       | 3 |  3.2

Action                   |  1- 3 |  4- 6 || total
-------------------------+-------+-------++-------
Melee: Mace              |   111 |    90 ||   201
Invok: Trog's Hand       |       |     4 ||     4
       Berserk           |       |     1 ||     1
  Use: Scroll            |     5 |     8 ||    13
       Potion            |       |     1 ||     1
 Stab: Sleeping          |       |     1 ||     1
  Eat: Chunk             |    18 |     9 ||    27
Armor: Animal skin       |    76 |    40 ||   116
Dodge: Dodged            |    86 |    72 ||   158
